[Event "Polish University-ch Open 2024"]
[Site "Lublin"]
[Date "2024.02.24"]
[Round "5.11"]
[White "Fiedorek, Michal"]
[Black "Szustakowski, Antoni"]
[Result "0-1"]
[ECO "C02"]
[WhiteElo "2286"]
[BlackElo "2354"]
[Annotator "TA"]
[PlyCount "114"]
[EventDate "2024.02.22"]
[EventType "swiss"]
[EventCountry "POL"]
[SourceTitle "playchess.com"]
[Source "ChessBase"]
[SourceQuality "1"]
[TimeControl "600+3"]

1. e4 e6 2. d4 d5 3. e5 c5 4. c3 Nc6 5. Nf3 Bd7 6. Be2 Nge7 7. O-O cxd4 8. cxd4 Nf5 9. Nc3 Rc8 10. a3 a6 11. Bg5 Qb6 12. Na4 Qa7 13. Rc1 (13. Be3 $11) 13... Nfxd4 (13... b5 $15 14. Nc5 Nfxd4 15. Nxd4 Bxc5 16. Nxc6 Rxc6) 14. Nxd4 $11 Nxd4 (14... Qxd4 $2 15. Rxc6 Qxe5 16. Rxc8+ Bxc8 17. Qd2 $18) 15. Rxc8+ Bxc8 16. Be3 $1 Nxe2+ 17. Qxe2 d4 18. Qc4 Bd7 19. Bxd4 (19. Qxd4 $2 Qxd4 20. Bxd4 Bxa4 $19) 19... Qb8 {[%emt 0:00:02] Schwarz hat schwache schwarze Felder} 20. Rc1 Be7 21. Nc5 {[%emt 0:00:45] Zielt auf Nxd7 ab.} Bb5 22. Qb3 {[%emt 0:00:11] Und jetzt a4 wäre schön.} O-O 23. Nxe6 Rc8 (23... fxe6 $2 24. Qxe6+ Kh8 25. Qxe7 $18) 24. Nc5 b6 25. Nd3 Rd8 26. a4 $2 (26. Qc3 $1 $11 {und Weiss ist OK.}) 26... Bxd3 $1 $19 27. Qxd3 {[%emt 0:00:02] [#]} Bc5 $1 28. Rc4 Qxe5 (28... Qa8 $19 {...Qd5 ist eine echte Drohung.} 29. b4 Bf8) 29. Bxe5 $11 Rxd3 $19 {[%emt 0:00:01][%cal Rd3d1][%mdl 4096] Endspiel. KRB-KRB} 30. Kf1 Rd2 31. Rf4 (31. b4 $14 {scheint genauer.} Bf8 (31... Bxf2 32. Rc8+) (31... Rxf2+ 32. Ke1 $16) 32. Rc8) 31... f6 $11 32. Bc3 Rc2 33. Rf3 Rc1+ 34. Ke2 a5 35. Kd2 (35. h3 $11 {bleibt in der Remisbreite.}) 35... Ra1 {[%emt 0:00:02] Schwarz steht aktiver.} (35... Rg1 $17 36. g3 Rg2) 36. Rf4 Kf7 37. Kc2 (37. g3 $11) 37... Rf1 38. Kb3 Rxf2 (38... Bxf2 $2 {geht unter.} 39. Bd4 Bxd4 (39... g5 $2 40. Rxf6+ Ke7 41. Rxf2 $18) 40. Rxf1 $18) 39. Rxf2 Bxf2 $17 {[%emt 0:00:01] KB-KB} 40. Kc4 Ke6 41. Kb5 ({Vorzuziehen ist} 41. h3) 41... Kd5 (41... g5 $17 {...g4 wäre nun fies.} 42. b4 axb4 43. Kxb4 g4) 42. Bd2 $2 {[%emt 0:00:05][%mdl 8192] [#] Ab hier gerät Weiß ins Schliddern.} (42. b4 $11) 42... g5 $1 $19 43. Bc3 f5 44. Bf6 g4 {[%emt 0:00:09] Droht ...f4 und aus.} 45. g3 Bg1 46. Bd8 Bxh2 47. Bxb6 f4 {[%emt 0:00:01] Schwarz setzt Matt.} 48. gxf4 g3 49. f5 g2 50. f6 Ke6 ({Schlechter ist} 50... g1=R 51. Bxg1 Bxg1 52. f7 $11) 51. Kxa5 g1=Q 52. Bxg1 Bxg1 {[%emt 0:00:01] KB-K3P} 53. b4 h5 54. b5 h4 55. b6 {[%emt 0:00:01] [#]} Bxb6+ $1 56. Kxb6 h3 57. a5 h2 {[%emt 0:00:01] Gewichteter Fehlerwert: Weiß=0.95/Schwarz=0.13 (sehr präzise) .  Verlustzug:     	Weiß=2     	---        Gewinn verpasst:   	---       	Schwarz=1     Fehler:       	Weiß=5     	Schwarz=3     Ungenau:       	Weiß=2     	Schwarz=2     OK:         	Weiß=10    	Schwarz=13    Bester:       	Weiß=2     	Schwarz=2     Stark:        	Weiß=1     	Schwarz=2     Brilliant:      	---       	Schwarz=1} 0-1

[Event "Polish University-ch Open 2024"]
[Site "Lublin"]
[Date "2024.02.24"]
[Round "5.12"]
[White "Nowak, Mikolaj"]
[Black "Namyslak, Piotr"]
[Result "0-1"]
[ECO "D10"]
[WhiteElo "2317"]
[BlackElo "1763"]
[Annotator "RC"]
[PlyCount "116"]
[EventDate "2024.02.22"]
[EventType "swiss"]
[EventCountry "POL"]
[SourceTitle "playchess.com"]
[Source "ChessBase"]
[SourceQuality "1"]
[TimeControl "600+3"]

1. d4 d5 2. c4 c6 3. cxd5 cxd5 4. Bg5 Qb6 5. Nc3 e6 6. Qd2 Be7 7. Bxe7 Nxe7 8. e3 Bd7 9. Nf3 Nbc6 10. Be2 Rc8 11. O-O O-O 12. Rfc1 f6 13. Na4 Qd8 14. b3 Nf5 15. Qb2 Qe7 16. a3 Rc7 17. b4 Rfc8 18. Nc5 Nb8 19. Nd2 Nd6 20. h3 b6 21. Na6 Nxa6 22. Bxa6 Rxc1+ 23. Rxc1 Rxc1+ 24. Qxc1 Qd8 25. Qc2 g6 26. a4 Kf7 27. h4 Ne8 28. Bd3 Qc7 29. Qb1 Qc3 30. Nf3 f5 31. Ne5+ Ke7 32. a5 Nd6 33. axb6 axb6 34. b5 Nc4 35. Nf3 Qb2 36. Qf1 Bxb5 37. h5 Na3 38. Bxb5 Qxb5 39. h6 Qxf1+ 40. Kxf1 Kf6 41. Ke2 Nc4 42. Kd3 g5 43. g4 fxg4 44. Nh2 Kf5 45. Kc3 Nd6 46. Kd3 Ne4 47. f3 gxf3 48. Nxf3 g4 49. Ne5 g3 50. Ke2 Kg5 51. Nf7+ Kg6 52. Nd8 Kf6 53. Nc6 b5 54. Kf3 Kg5 55. Nd8 Kf5 56. Nc6 Kg6 57. Nd8 b4 58. Nxe6 Ng5+ 0-1

[Event "Polish University-ch Open 2024"]
[Site "Lublin"]
[Date "2024.02.24"]
[Round "5.13"]
[White "Pacan-Milej, Kosma"]
[Black "Drozdowski, Konrad"]
[Result "1-0"]
[ECO "D31"]
[WhiteElo "2438"]
[BlackElo "2117"]
[Annotator "RC"]
[PlyCount "69"]
[EventDate "2024.02.22"]
[EventType "swiss"]
[EventCountry "POL"]
[SourceTitle "playchess.com"]
[Source "ChessBase"]
[SourceQuality "1"]
[TimeControl "600+3"]

1. d4 d5 2. c4 e6 3. Nc3 a6 4. cxd5 exd5 5. Nf3 c6 6. Bf4 Bd6 7. Bxd6 Qxd6 8. e3 Nf6 9. Bd3 O-O 10. h3 Re8 11. Qc2 Nbd7 12. O-O Nf8 13. Ne5 Ng6 14. f4 Nd7 15. Qf2 Qf6 16. Ng4 Qh4 17. f5 Qxf2+ 18. Kxf2 Ne7 19. Rae1 h5 20. Nh2 g6 21. g4 gxf5 22. gxf5 Nf6 23. Kg3 Kg7 24. Kf4 Bd7 25. Rg1+ Kh6 26. Nf3 Rg8 27. Ne5 Raf8 28. Rxg8 Nexg8 29. Na4 Ne7 30. Nc5 Bc8 31. b4 h4 32. Ng4+ Kg7 33. Rg1 Nh5+ 34. Kg5 Ng3 35. f6+ 1-0

[Event "Polish University-ch Open 2024"]
[Site "Lublin"]
[Date "2024.02.24"]
[Round "5.14"]
[White "Pultorak, Jan"]
[Black "Adamczewski, Jedrzej"]
[Result "1/2-1/2"]
[ECO "A03"]
[WhiteElo "2303"]
[BlackElo "1917"]
[Annotator "TA"]
[PlyCount "43"]
[EventDate "2024.02.22"]
[EventType "swiss"]
[EventCountry "POL"]
[SourceTitle "playchess.com"]
[Source "ChessBase"]
[SourceQuality "1"]
[TimeControl "600+3"]

1. b3 Nf6 2. Bb2 g6 3. e3 Bg7 4. f4 O-O 5. Nf3 d5 6. Be2 c5 7. O-O Nc6 8. Ne5 Qc7 9. Nxc6 Qxc6 10. Bf3 b6 11. d3 Bb7 12. Nd2 Rad8 (12... Ng4 {is more complex.} 13. Bxg7 Nxe3 14. Qe2 Nxf1 15. Bxf8 Nxd2 16. Bxe7 Nxf3+ 17. Qxf3 Qd7) 13. Qe2 Ne8 14. Bxg7 Nxg7 15. Rae1 Qf6 16. c4 Bc6 17. g3 {[%emt 0:00:29] The position is equal.} dxc4 18. dxc4 Bxf3 19. Nxf3 Ne6 20. Ne5 Rd6 21. Rd1 Rfd8 {[%emt 0:00:01] Repels Nd7} 22. Rxd6 {[%emt 0:00:17] Not much happened in this game.   Weighted Error Value: White=0.08 (flawless) /Black=0.09 (flawless) .  Inaccurate:     	White=1     	Black=1      OK:         	White=2     	Black=3} 1/2-1/2

[Event "Polish University-ch Open 2024"]
[Site "Lublin"]
[Date "2024.02.24"]
[Round "5.15"]
[White "Chaczynski, Kamil"]
[Black "Brozyna, Mateusz"]
[Result "1-0"]
[ECO "C84"]
[WhiteElo "2118"]
[BlackElo "2259"]
[Annotator "TA"]
[PlyCount "109"]
[EventDate "2024.02.22"]
[EventType "swiss"]
[EventCountry "POL"]
[SourceTitle "playchess.com"]
[Source "ChessBase"]
[SourceQuality "1"]
[TimeControl "600+3"]

1. e4 e5 2. Nf3 Nc6 3. Bb5 a6 4. Ba4 Nf6 5. d3 b5 6. Bb3 Be7 7. O-O O-O 8. a4 Rb8 9. axb5 axb5 10. c3 d6 11. Re1 h6 12. h3 {[%emt 0:00:17] Weiß steht etwas besser.} Re8 13. d4 Bf8 14. Be3 exd4 (14... Nxe4 15. Bd5 exd4 16. Bxd4 (16. Bxc6 dxe3 17. Rxe3 Nxf2 $14) 16... Nxd4 17. Nxd4 $16) 15. cxd4 Rxe4 16. d5 Ne5 17. Nc3 Nxf3+ 18. Qxf3 Re8 19. Ba7 Ra8 20. Bd4 Bd7 21. Rac1 b4 22. Ne2 Ba4 (22... Ne4 $15) 23. Bc4 Qd7 $2 (23... Ne4 $11) 24. Ng3 $2 (24. b3 $18 Bb5 25. Bxf6 gxf6 26. Bxb5 Qxb5 27. Nd4 (27. Rxc7 Re5 $14)) 24... Nh7 (24... Rxe1+ $11 25. Rxe1 Qd8) 25. Nf5 (25. Rxe8 $1 $14 Qxe8 26. h4) 25... Rxe1+ 26. Rxe1 {[%emt 0:00:02] Zielt auf Bd3 ab.} Re8 27. Rxe8 Qxe8 28. Bd3 Ng5 $2 {[%emt 0:00:06][%mdl 8192] [#] Jetzt gehts bergab für Schwarz.} (28... Bd7 $15 29. Ne3 Ng5) 29. Nxh6+ $1 $18 Kh8 (29... gxh6 30. Qf6) 30. Qh5 f6 31. Nf7+ (31. Bg6 $142 Qxg6 32. Qxg6) 31... Kg8 {[%emt 0:00:01] [#] Und ...Qe1+ würde nun gewinnen.} 32. Bg6 $1 Qxf7 33. Bxf7+ Nxf7 34. Qe2 c5 35. dxc6 Bxc6 36. Qc4 Bd7 37. Qxb4 Be6 38. Qb8 Bd5 39. b4 Ng5 40. b5 Ne6 41. Be3 f5 42. g3 g5 43. b6 {[%emt 0:00:01] Qe8 ist eine echte Drohung.} f4 44. gxf4 gxf4 45. Bd2 Nd4 46. Ba5 Nf3+ 47. Kf1 Bc4+ 48. Kg2 Nh4+ 49. Kg1 {[%emt 0:00:04] Droht stark Kh2.} Nf3+ 50. Kh1 Bd5 51. Qc7 {[%emt 0:00:05] Schwarz muss nun b7 beachten.} Ne5+ 52. Kg1 Nf3+ 53. Kf1 Nh2+ 54. Ke2 {[%emt 0:00:02] jetzt b7 und aus.} f3+ 55. Ke1 {[%emt 0:00:04] Gewichteter Fehlerwert: Weiß=0.49/Schwarz=0.31.  Verlustzug:     	---       	Schwarz=2     Gewinn verpasst:   	Weiß=1     	---        Fehler:       	Weiß=1     	Schwarz=2     Ungenau:       	Weiß=5     	Schwarz=3     OK:         	Weiß=2     	Schwarz=7     Bester:       	---       	Schwarz=1     Brilliant:      	Weiß=1     	---} 1-0

[Event "Polish University-ch Open 2024"]
[Site "Lublin"]
[Date "2024.02.24"]
[Round "5.16"]
[White "Jankowiak, Tomasz"]
[Black "Redzisz, Michal"]
[Result "0-1"]
[ECO "C42"]
[WhiteElo "2158"]
[BlackElo "2229"]
[Annotator "TA"]
[PlyCount "72"]
[EventDate "2024.02.22"]
[EventType "swiss"]
[EventCountry "POL"]
[SourceTitle "playchess.com"]
[Source "ChessBase"]
[SourceQuality "1"]
[TimeControl "600+3"]

1. e4 e5 2. Nf3 Nf6 3. Nxe5 d6 4. Nf3 Nxe4 5. c4 Nc6 6. Nc3 Nxc3 7. dxc3 g6 8. Bg5 Be7 9. Bh6 Bg4 {[%emt 0:00:56] Die Stellung ist ausgeglichen.} 10. Be2 Qd7 11. h3 Bxf3 12. Bxf3 O-O-O 13. O-O Ne5 14. Re1 f5 15. Re3 Bf6 16. Bd5 (16. Qe2 $11) 16... c6 $17 17. f4 (17. Bf3 $17 {war angesagt.}) 17... cxd5 $19 18. fxe5 dxe5 19. Rd3 {[%emt 0:00:08][%cal Rd3d5] [#]} d4 $1 20. cxd4 exd4 ({Besser ist} 20... e4 $19 21. Rd2 g5 (21... Bxd4+ 22. Kh1 $15)) 21. Bf4 g5 (21... Rhe8 $142 22. Bg3 Re4) 22. Bh2 f4 23. Qb3 (23. Qf3 $17) 23... Rhe8 {[%emt 0:04:24] ...Re2 wäre nun fies.} 24. Rad1 (24. Qb5 {war einen Versuch wert.}) 24... Re2 25. R3d2 {[%emt 0:00:04] Weiss hat schwache schwarze Felder} Re3 26. Qc2 (26. Rd3 $142) 26... Rde8 27. Kf1 f3 28. g4 {[%emt 0:00:05] [#]} h5 $1 29. Bg1 (29. Qf5 Qxf5) 29... Re2 30. Qf5 Qxf5 {[%emt 0:00:00] Schwarz setzt Matt.} 31. gxf5 g4 32. hxg4 hxg4 33. Bxd4 Bxd4 34. Rxd4 g3 ({Schwächer ist} 34... Rxb2 35. Rxg4 Rh8 (35... Rxa2 36. f6 $17) 36. Kg1 $17) 35. Kg1 Re1+ 36. Rxe1 Rxe1# {[%emt 0:00:00] Gewichteter Fehlerwert: Weiß=0.87/Schwarz=0.41.  Fehler:       	Weiß=5     	Schwarz=2     Ungenau:       	Weiß=6     	Schwarz=2     OK:         	Weiß=6     	Schwarz=9     Bester:       	---       	Schwarz=2     Stark:        	---       	Schwarz=1} 0-1

[Event "Polish University-ch Open 2024"]
[Site "Lublin"]
[Date "2024.02.24"]
[Round "5.17"]
[White "Dixa, Oskar"]
[Black "Marczuk, Dominik"]
[Result "1/2-1/2"]
[ECO "B34"]
[WhiteElo "2066"]
[BlackElo "2283"]
[Annotator "TA"]
[PlyCount "43"]
[EventDate "2024.02.22"]
[EventType "swiss"]
[EventCountry "POL"]
[SourceTitle "playchess.com"]
[Source "ChessBase"]
[SourceQuality "1"]
[TimeControl "600+3"]

1. e4 c5 2. Nf3 Nc6 3. d4 cxd4 4. Nxd4 g6 5. Be3 Nf6 6. Nc3 Bg7 7. Be2 O-O 8. O-O d5 9. exd5 Nxd5 10. Nxd5 Qxd5 11. Bf3 Qc4 12. Nxc6 bxc6 13. c3 Bf5 14. Qb3 Qa6 15. a4 Rfd8 {[%emt 0:01:38] The position is equal.} 16. Qa3 e6 (16... e5 $11) 17. Qc5 $14 Rdc8 {[%emt 0:00:58] Black is weak on the dark squares} 18. b4 Bf8 (18... Bd3 $14 19. Rfd1 e5) 19. Qe5 Bg7 {[%emt 0:00:05] Dodges Bd4} 20. Qc5 {[%emt 0:00:04] White is much more active.} Bf8 $1 21. Qe5 Bg7 {[%emt 0:00:01] Inhibits Bd4.} 22. Qc5 {[%emt 0:00:01] Weighted Error Value: White=0.32/Black=0.18 (very precise) .  Mistake:       	White=1     	Black=2      Inaccurate:     	White=2     	Black=1      OK:         	White=2     	Black=1      Best:        	---       	Black=2      Strong:       	---       	Black=1} (22. Qg3 $16) 1/2-1/2

[Event "Polish University-ch Open 2024"]
[Site "Lublin"]
[Date "2024.02.24"]
[Round "5.18"]
[White "Radecki, Adam"]
[Black "Dzida, Kamil"]
[Result "0-1"]
[ECO "C00"]
[WhiteElo "2064"]
[BlackElo "2403"]
[Annotator "RC"]
[PlyCount "82"]
[EventDate "2024.02.22"]
[EventType "swiss"]
[EventCountry "POL"]
[SourceTitle "playchess.com"]
[Source "ChessBase"]
[SourceQuality "1"]
[TimeControl "600+3"]

1. e4 c5 2. d3 e6 3. Nd2 d5 4. g3 Bd6 5. Bg2 Ne7 6. f4 Nbc6 7. Ngf3 Bd7 8. O-O f6 9. c3 Qc7 10. a3 O-O 11. Kh1 a5 12. Qe2 a4 13. Re1 Qb6 14. Nf1 Rae8 15. Be3 d4 16. Bg1 e5 17. f5 Na5 18. c4 Qa6 19. N1d2 b5 20. g4 bxc4 21. dxc4 Rb8 22. Rab1 g5 23. h4 h6 24. Bh2 Be8 25. Rec1 Bf7 26. Bf1 Nec6 27. Qd1 Nb3 28. Nxb3 Rxb3 29. Kg2 Rfb8 30. Qd2 Be7 31. Bd3 Qb7 32. Rc2 Rxa3 33. bxa3 Qxb1 34. hxg5 hxg5 35. Ne1 Qb3 36. Qc1 Na5 37. Bg3 Qb1 38. Qd2 Nb3 39. Qe2 Nc1 40. Qd2 Nxd3 41. Nxd3 Rb3 0-1

[Event "Polish University-ch Open 2024"]
[Site "Lublin"]
[Date "2024.02.24"]
[Round "6.1"]
[White "Psyk, Radoslaw"]
[Black "Kosakowski, Jakub"]
[Result "1/2-1/2"]
[ECO "B13"]
[WhiteElo "2461"]
[BlackElo "2482"]
[Annotator "TA"]
[PlyCount "59"]
[EventDate "2024.02.22"]
[EventType "swiss"]
[EventCountry "POL"]
[SourceTitle "playchess.com"]
[Source "ChessBase"]
[SourceQuality "1"]
[TimeControl "600+3"]

1. e4 c6 2. d4 d5 3. exd5 cxd5 4. Bd3 Nc6 5. c3 Qc7 6. h3 e5 7. dxe5 Nxe5 8. Bc2 Bc5 {[%emt 0:01:54] White has an edge.} 9. Nf3 Ne7 10. O-O O-O 11. Nbd2 Nc4 12. Nb3 Bd6 13. Nbd4 Bd7 14. Ng5 (14. a4 $16) 14... g6 $11 15. Re1 Rfe8 {[%emt 0:00:02] [#]} (15... a6 $11) 16. b3 {[%emt 0:00:23] White is more active.} (16. Qf3 $1 $16 Bf5 17. g4) 16... Ne5 17. Bd2 a6 18. Rc1 Ba3 19. Rb1 {[%emt 0:00:01] b4 is the strong threat.} Bd6 20. Rc1 Ba3 21. Rb1 {[%emt 0:00:01] [#] Threatens to win with b4.} Bd6 22. Ngf3 N7c6 23. Nxc6 Nxf3+ 24. Qxf3 Bxc6 25. Qg4 Rxe1+ 26. Rxe1 {[%emt 0:00:02] The position is equal.} Re8 27. Rxe8+ Bxe8 28. Bd3 Bd7 29. Qg5 Be6 30. Qe3 {[%emt 0:00:10] Weighted Error Value: White=0.16 (very precise) /Black=0.11 (very precise) .  Mistake:       	White=2     	Black=1      Inaccurate:     	White=1     	Black=2      OK:         	White=8     	Black=13} 1/2-1/2

[Event "Polish University-ch Open 2024"]
[Site "Lublin"]
[Date "2024.02.24"]
[Round "6.2"]
[White "Janik, Igor"]
[Black "Baum, Jonasz"]
[Result "1/2-1/2"]
[ECO "D02"]
[WhiteElo "2499"]
[BlackElo "2400"]
[Annotator "TA"]
[PlyCount "88"]
[EventDate "2024.02.22"]
[EventType "swiss"]
[EventCountry "POL"]
[SourceTitle "playchess.com"]
[Source "ChessBase"]
[SourceQuality "1"]
[TimeControl "600+3"]

1. Nf3 d5 2. g3 g6 3. d4 Bg7 4. c3 Nf6 5. Bg2 O-O 6. O-O c6 7. a4 a5 8. Qb3 b6 9. Ne5 {[%emt 0:00:37] The position is equal.} Ba6 10. Re1 Ne4 11. Bf4 e6 12. Qc2 Nd6 13. Nd2 (13. h4 $11) 13... f6 (13... g5 $17 14. Be3 Nf5) 14. Nd3 g5 ({Black should play} 14... f5 $11) 15. Bxd6 $14 Qxd6 16. e4 Nd7 17. Re3 f5 18. exf5 exf5 19. Rae1 Bxd3 (19... Nf6 $1 $14) 20. Qxd3 $18 Nf6 (20... Rf6 $16 {keeps fighting.} 21. c4 Kh8 22. cxd5 cxd5) 21. Re6 (21. Qxf5 $18 {[%cal Oe3e6] Re6! would now be deadly.} g4 22. h3) 21... Qd7 $16 {[%emt 0:00:20] [#] aiming for ...Ne4.} 22. Re7 {[%emt 0:00:21] White is much more active.} (22. Qxf5 Ne4 23. Bxe4 Rxf5 24. Bxf5 c5) 22... Rae8 (22... Qc8 $16) 23. Rxe8 (23. Rxd7 $18 Rxe1+ 24. Bf1 Nxd7 25. Nf3) 23... Rxe8 24. Rxe8+ Nxe8 25. Qa6 Qc7 26. Qa8 Kf7 27. Nf3 h6 28. Bf1 (28. b4 {is more complex.} Bf6 29. b5 cxb5 30. Qxd5+ Ke7 31. axb5 g4 32. Nh4) 28... Nd6 29. Ne5+ Bxe5 30. dxe5 $14 {[%emt 0:04:21][%mdl 4096] Endgame. KQB-KQN} Qc8 $1 31. Qa6 ({White should try} 31. Qxc8 $14 Nxc8 32. f4) 31... Qxa6 $15 32. Bxa6 Nc4 (32... Ne4 $15 33. Bb7 Ke6 34. Bxc6 Kxe5) 33. Bxc4 $11 dxc4 {[%emt 0:00:06] KP-KP} 34. f4 g4 35. Kf2 Ke6 36. Ke3 {[%emt 0:00:00] [#] Kd4 is the strong threat.} Kd5 37. Kd2 c5 38. Kc2 Ke6 39. Kb1 Kd5 40. Ka2 Ke6 41. Ka3 Kd5 42. b3 Ke6 (42... cxb3 $11 {remains equal.} 43. Kxb3 c4+ 44. Kc2 Kc5) 43. b4 (43. bxc4 $16 Kd7 44. Kb2) 43... Kd5 (43... Ke7 $11 {feels stronger.}) 44. b5 Ke6 {[%emt 0:00:00] Blacks defense is rewarded with a draw.   Weighted Error Value: White=0.28 (precise) /Black=0.33.  Mistake:       	White=5     	Black=8      Inaccurate:     	White=2     	---        OK:         	White=12    	Black=9      Best:        	White=4     	Black=4      Strong:       	---       	Black=1} 1/2-1/2

[Event "Polish University-ch Open 2024"]
[Site "Lublin"]
[Date "2024.02.24"]
[Round "6.4"]
[White "Molenda, Marcin"]
[Black "Szpar, Milosz"]
[Result "0-1"]
[ECO "B23"]
[WhiteElo "2377"]
[BlackElo "2495"]
[Annotator "TA"]
[PlyCount "54"]
[EventDate "2024.02.22"]
[EventType "swiss"]
[EventCountry "POL"]
[SourceTitle "playchess.com"]
[Source "ChessBase"]
[SourceQuality "1"]
[TimeControl "600+3"]

1. e4 c5 2. Nc3 Nc6 3. f4 e6 4. Nf3 a6 5. e5 d6 6. Ne4 (6. d4 $11) 6... dxe5 $15 7. fxe5 {[%emt 0:01:35] [#]} Nxe5 $1 8. Nxe5 {[%emt 0:00:53] Strongly threatening Qf3. Black is slightly better.} Qd4 9. Qf3 Qxe5 $17 10. d4 cxd4 {[%emt 0:02:15] Hoping for ...f5.} (10... Qxd4 11. Bg5 f5 (11... Qxb2 12. Rd1 $17) 12. Nd2 $17) 11. Bf4 Qd5 (11... Qa5+ $142 12. Bd2 Qf5 13. Qxf5 exf5) 12. O-O-O {[%emt 0:00:36] Now White is beyond hope.} (12. Bd3 $17 {is a better defense.}) 12... e5 $1 $19 13. c4 Qa5 14. Bg3 Nh6 (14... Qxa2 15. Bxe5 Nh6 16. Rxd4 $11 (16. Bxd4 Bg4 $11)) 15. Qb3 Be7 {[%emt 0:00:19] ...f5 would now be deadly.} 16. Bd3 Nf5 {[%emt 0:00:13] Dodges c5} 17. Rdf1 (17. Be1 $142 Qc7 18. Bd2) 17... O-O {[%emt 0:00:21] White must now prevent ...Ne3.} 18. Be1 Qc7 19. Kb1 (19. Bd2 {was worth a try.}) 19... b5 {[%emt 0:00:05] [#] Threatens to win with ...Ne3.} 20. c5 (20. Nc3 $142 bxc4 21. Nd5 cxb3 22. Nxc7 bxa2+ 23. Ka1) 20... Be6 ({Weaker is} 20... Bxc5 21. Nxc5 Ne3 22. Qb4 $17) 21. Qa3 Rfc8 {[%emt 0:00:33][%cal Of5e3] And now ...Ne3! would win.} 22. Rf2 (22. Bd2 {was necessary.}) 22... Ne3 {[%emt 0:00:08] Black is clearly winning.} ({Inferior is} 22... Bxc5 23. Qxc5 Qxc5 24. Nxc5 Rxc5 25. Bxf5 Bxf5+ 26. Rxf5 $11) 23. Ba5 Qc6 24. b3 Bd5 25. Nd2 e4 26. Be2 d3 27. Bg4 Nxg4 {[%emt 0:00:06] Weighted Error Value: White=0.91/Black=0.30.  Mistake:       	White=6     	Black=1      Inaccurate:     	White=1     	---        OK:         	White=4     	Black=6      Best:        	---       	Black=2      Strong:       	---       	Black=1} 0-1

[Event "Polish University-ch Open 2024"]
[Site "Lublin"]
[Date "2024.02.24"]
[Round "6.5"]
[White "Karpus, Michal"]
[Black "Snihur, Piotr"]
[Result "0-1"]
[ECO "C34"]
[WhiteElo "2243"]
[BlackElo "2278"]
[Annotator "TA"]
[PlyCount "40"]
[EventDate "2024.02.22"]
[EventType "swiss"]
[EventCountry "POL"]
[SourceTitle "playchess.com"]
[Source "ChessBase"]
[SourceQuality "1"]
[TimeControl "600+3"]

1. e4 e5 2. f4 exf4 3. Nf3 Nf6 4. e5 Nh5 5. Be2 d6 {[%emt 0:02:34] Zielt auf ...dxe5 ab.} 6. exd6 (6. O-O $15) 6... Bxd6 $17 7. O-O O-O 8. d4 {[%emt 0:00:04] Schwarz steht besser.} c5 9. d5 Bg4 10. Nc3 Nd7 11. Ne4 Ndf6 12. Nf2 Re8 {[%emt 0:00:08][%cal Oc5c4] Schwarz steht aktiver.} 13. Nxg4 (13. c4 $17) 13... Nxg4 $19 14. Ne1 $2 {[%emt 0:00:06] [#]} (14. c4) 14... Nxh2 $1 15. Bxh5 Nxf1 16. Kxf1 {[%emt 0:00:02] Weiss hat schwache schwarze Felder} Qh4 17. Bd2 $2 (17. Nd3 f3 18. Qxf3) 17... Qh1+ 18. Kf2 c4 {[%emt 0:00:04] [#] ( -> ...Bc5+)} 19. Bg4 Bc5+ 20. Kf3 Qf1# {[%emt 0:00:06] Gewichteter Fehlerwert: Weiß=1.23/Schwarz=0.04 (makellos) .  Fehler:       	Weiß=3     	---        Ungenau:       	Weiß=3     	Schwarz=1     OK:         	Weiß=3     	Schwarz=5     Bester:       	---       	Schwarz=1} 0-1